Cogmind - Beta 16 @@@ ROGUE MODE // 2025.11.01 @ 20:06:54 Player: Darcyisverycute Result: Destroyed by D-53 Grenadier with Mini Grenade Launcher Performance ------------- Evolutions (0) 0 Regions Visited (2) 400 Robots Destroyed (26) 130 Value Destroyed (576) 576 Prototype IDs (0) 0 Alien Tech Used (0) 0 Bonus (0) 0 TOTAL SCORE: 1106 Bonus ------- None Cogmind --------- Core Integrity 0/250 Matter 276/300 Energy 249/250 System Corruption 0% Temperature Warm (114) Movement Treading (160) Location -10/Mines Parts ------- > --- POWER (1) -------- Ion Engine > --- PROPULSION (2) --- Light Treads Light Treads > --- UTILITY (2) ------ Large Storage Unit Targeting Computer > --- WEAPON (2) ------- Particle Gun Light Assault Rifle > --- INVENTORY (15) --- Ion Engine Light Ion Engine Aluminum Leg Wheel Wheel Improved Heat Sink Medium Storage Unit Medium Matter Pod (100) Structural Scanner Improved Terrain Scanner Seismic Detector Hacking Suite Medium Laser Datajack Mining Laser Peak State ------------ > --- POWER ------------ Ion Engine > --- PROPULSION ------- Light Treads Light Treads > --- UTILITY ---------- Large Storage Unit Light Armor Plating > --- WEAPON ----------- Particle Gun Light Assault Rifle > --- INVENTORY -------- Ion Engine Light Ion Engine Wheel Wheel Improved Heat Sink Medium Storage Unit Medium Matter Pod Improved Terrain Scanner Seismic Detector Targeting Computer Hacking Suite Medium Laser Datajack Mining Laser [Rating: 10] Favorites ----------- Power Ion Engine Engine Ion Engine Propulsion Light Treads Treads Light Treads Utility Small Storage Unit Device Seismic Detector Storage Small Storage Unit Processor Targeting Computer Protection Light Armor Plating Weapon Particle Gun Energy Gun Particle Gun Ballistic Gun Light Assault Rifle Build | -11 -10 -10 ------- Run | Yrd Mat Min Slots Evolved . | . . . Power . | . . . Propulsion . | . . . Utility . | . . . Weapon . | . . . Parts Attached 17 | 7 7 3 Power 2 | 1 1 . Engine 2 | 1 1 . Core . | . . . Reactor . | . . . Propulsion 4 | 2 2 . Treads 4 | 2 2 . Leg . | . . . Wheel . | . . . Hover . | . . . Flight . | . . . Utility 6 | 2 2 2 Device 2 | 1 . 1 Storage 2 | 1 1 . Processor 1 | . . 1 Hackware . | . . . Protection 1 | . 1 . Artifact . | . . . Weapon 5 | 2 2 1 Energy Gun 3 | 1 2 . Energy Cannon . | . . . Ballistic Gun 2 | 1 . 1 Ballistic Cannon . | . . . Launcher . | . . . Special Weapon . | . . . Impact Weapon . | . . . Slashing Weapon . | . . . Piercing Weapon . | . . . Special Melee Weapon . | . . . Unidentified Prototypes . | . . . Parts Lost 6 | . 5 1 Power 1 | . 1 . Propulsion 2 | . 2 . Utility . | . . . Weapon 3 | . 2 1 Highest Loss Streak 3 | . 3 1 To Critical Strikes . | . . . Average Backups 10 | 4 9 14 Power 1 | . 1 2 Propulsion 1 | 1 1 2 Utility 3 | . 3 6 Weapon 2 | 1 2 2 Tool/Special . | . . . Unused Backups 18 | . 4 14 Power 3 | . . 3 Propulsion 5 | . 2 3 Utility 6 | . 1 5 Weapon 3 | . 1 2 Tool/Special 1 | . . 1 Average Slot Usage (%) 97 | . 97 100 Engine 13 | . 13 14 Treads 27 | . 27 28 Device 5 | . 5 6 Storage 14 | . 14 14 Protection 7 | . 7 7 Energy Gun 21 | . 22 16 Ballistic Gun 5 | . 4 11 Peak Build Rating 10 | 7 9 10 Average Rating 8 | 5 8 9 On Entrance 5 | . 7 9 Avg Prop Armor Cover (%) . | . . . Naked Turns . | . . . Heaviest Build 33 | 14 33 33 Greatest Support 40 | 40 40 40 Greatest Overweight (x) 1 | . 1 . Average Overweight (x) . | . . . Largest Inventory Capacity 15 | 8 15 15 Average Capacity 11 | 7 11 15 Most Carried 15 | 7 14 15 Average Carried 10 | 4 9 14 Final Capacity 15 | 8 15 15 Final Carried 15 | 7 14 15 Class Distribution -------------------- 88% | Mutant 11% | Scavenger-Mutant Dominant Class ---------------- Mutant | -10/Materials Scavenger-Mutant | -10/Mines Resources | -11 -10 -10 ----------- Run | Yrd Mat Min Matter Collected 593 | 261 302 30 Remotely . | . . . Salvage Created 852 | 95 575 182 Parts 63 | 11 42 10 Haulers Intercepted 1 | . 1 . Recyclers Shooed 1 | . 1 . Parts Field Recycled . | . . . Retrieved Matter . | . . . Parts Self-Destructed . | . . . Prevented . | . . . Parts Restored . | . . . Kills | -11 -10 -10 ------- Run | Yrd Mat Min Combat Hostiles Destroyed 18 | . 14 4 Guns 17 | . 13 4 AOE 1 | . 1 . Classes Destroyed 8 | 2 6 . Worker 2 | . 2 . Builder 1 | . 1 . Tunneler 2 | 2 . . Hauler 1 | . 1 . Recycler 1 | 1 . . Watcher 1 | . 1 . Swarmer 5 | . 5 . Grunt 13 | . 9 4 Best Kill Streak 6 | 3 6 2 Combat Bots Only 5 | . 5 2 Max Kills in Single Turn 2 | 1 2 1 Gunslinging . | . . . Exploded 1 | . 1 . Melee . | . . . Uniques/NPCs Destroyed . | . . . Combat | -11 -10 -10 -------- Run | Yrd Mat Min Hostile Shots Fired 79 | . 55 24 Missed 18 | . 15 3 Hits 61 | . 40 21 Projectile 61 | . 40 21 AOE 8 | . . 8 Critical Strikes 1 | . . 1 Damage Taken 1035 | . 504 531 Core 250 | . 42 208 Absorbed by Shields . | . . . Core Remaining (%) 100 | 100 . . Volleys Fired 70 | 3 52 15 Largest 2 | 2 2 2 Hottest 105 | 70 105 105 Shots Fired 132 | 6 96 30 Gun 132 | 6 96 30 Cannon . | . . . Launcher . | . . . Special . | . . . Kinetic 50 | 3 33 14 Thermal 65 | 3 47 15 Explosive . | . . . Electromagnetic 17 | . 16 1 Robot Hit Streak 13 | 4 13 4 Robot Miss Streak 3 | . 3 2 Penetration Max . | . . . Secondary Targets . | . . . Shots Hit Robots 83 | 4 61 18 Core Hits 45 | 4 31 10 Critical Kills . | . . . Critical Parts Destroyed . | . . . Critical Strikes 6 | . 4 2 Burn 6 | . 4 2 Melee Attacks . | . . . Impact . | . . . Slashing . | . . . Piercing . | . . . Sneak Attacks . | . . . Combat Hostiles . | . . . Follow-up Attacks . | . . . Damage Inflicted 1140 | 53 871 216 Guns 1010 | 53 741 216 Cannons . | . . . Explosions 130 | . 130 . Melee . | . . . Ramming . | . . . Kinetic 281 | 15 194 72 Thermal 728 | 38 559 131 Explosive . | . . . Electromagnetic 131 | . 118 13 Impact . | . . . Slashing . | . . . Piercing . | . . . Highest Corruption . | . . . Average Corruption . | . . . Corruption Purged . | . . . Corruption Blocked . | . . . Overload Shots . | . . . Overflow Damage . | . . . Projectiles . | . . . Explosions . | . . . Melee . | . . . Knockbacks . | . . . Impact . | . . . Kinetic . | . . . Secondary . | . . . Self-Inflicted Damage . | . . . Shots . | . . . Rammed 2 | . 2 . Targets Rammed 2 | . 2 . Kicked . | . . . Crushed . | . . . Highest Temperature 259 | 30 136 259 Average Temperature 60 | 18 50 91 Received Heat Transfer 351 | . 231 120 Siege Activations . | . . . Martial Activations . | . . . Shielding Activations . | . . . Robots Disrupted . | . . . Combat Hostiles . | . . . Robots Corrupted . | . . . Combat Hostiles . | . . . Parts Fried . | . . . Impact Corruptions . | . . . Robots Melted . | . . . Combat Hostiles . | . . . Parts Melted 1 | . 1 . Heat Transferred 2209 | 111 1617 481 Parts Sabotaged . | . . . Parts Stolen . | . . . Parts Stripped . | . . . Power Chain Reactions 1 | . 1 . Alert | -11 -10 -10 ------- Run | Yrd Mat Min Maximum Alert Level . | . . . Low Security (%) 100 | 100 100 100 Level 1 . | . . . Level 2 . | . . . Level 3 . | . . . Level 4 . | . . . Level 5 . | . . . High Security . | . . . Max Security . | . . . Peak Influence 122 | 10 122 50 Initial . | . . . Average 29 | . 36 16 Influence Increases 537 | 15 422 100 Destroy 0b10 Robot/C 360 | . 280 80 Destroy 0b10 Robot/NC 40 | 15 25 . Destroy Leader 84 | . 64 20 Successful Hack 19 | . 19 . Destroy Structure 4 | . 4 . Lose Combat Pursuer 30 | . 30 . Influence Decreases 537 | 15 422 100 Time Decay 487 | 15 372 100 Lost Part 50 | . 50 . Squads Dispatched 3 | . 3 . Investigation 2 | . 2 . Extermination . | . . . Reinforcement 1 | . 1 . Assault . | . . . Garrison . | . . . Intercept . | . . . Searches Triggered . | . . . Construction Impeded . | . . . Haulers Reinforced . | . . . Active Scanning Responses . | . . . Cargo Convoy Interrupts . | . . . Stealth | -11 -10 -10 --------- Run | Yrd Mat Min Distress Signals 3 | . 3 . Communications Jammed . | . . . Distress Signals . | . . . Times Spotted 34 | . 28 6 Peak Tracking Total 6 | . 6 2 Tactical Retreats 2 | . 2 . Traps | -11 -10 -10 ------- Run | Yrd Mat Min Traps Triggered 7 | . 7 . Indirectly . | . . . Trap Hack Attempts . | . . . Triggered . | . . . Disarmed . | . . . Reprogrammed . | . . . Reused . | . . . Traps Extracted . | . . . Installed . | . . . Triggered . | . . . Machines | -11 -10 -10 ---------- Run | Yrd Mat Min Machines Disabled . | . . . Max in Single Turn . | . . . Machines Repaired . | . . . Machines Dismantled . | . . . Machines Sabotaged . | . . . Overloaded Fab Kills . | . . . Hacking | -11 -10 -10 --------- Run | Yrd Mat Min Machines Accessed 7 | . 7 . Terminals 7 | . 7 . Fabricators . | . . . Repair Stations . | . . . Recycling Units . | . . . Scanalyzers . | . . . Garrison Access . | . . . Total Hacks 16 | . 16 . Successful 7 | . 7 . Failed 9 | . 9 . Catastrophic 3 | . 3 . Database Lockouts . | . . . Manual 16 | . 16 . Terminals 16 | . 16 . Fabricators . | . . . Repair Stations . | . . . Recycling Units . | . . . Scanalyzers . | . . . Garrison Access . | . . . Terminal Hacks 1 | . 1 . Robot Analysis 1 | . 1 . Fabricator Hacks . | . . . Repair Station Hacks . | . . . Recycling Unit Hacks . | . . . Scanalyzer . | . . . Garrison Access Hacks . | . . . Unauthorized Hacks 6 | . 6 . Terminals 6 | . 6 . Botnet 1 | . 1 . Skim 5 | . 5 . Fabricators . | . . . Repair Stations . | . . . Recycling Units . | . . . Scanalyzers . | . . . Garrison Access . | . . . Data Cores Recovered . | . . . Used . | . . . Hacking Detections 7 | . 7 . Full Trace Events . | . . . Feedback Events . | . . . Feedback Blocked . | . . . Robot Schematics Acquired . | . . . Robots Built . | . . . Authchips . | . . . Time . | . . . Total Robot Build Rating . | . . . Part Schematics Acquired . | . . . Parts Built . | . . . Authchips . | . . . Time . | . . . Total Part Build Rating . | . . . Part Studies Acquired . | . . . Parts Repaired . | . . . Time . | . . . Parts Recycled . | . . . Recycled Matter . | . . . Retrieved Matter . | . . . Retrieved Components . | . . . Parts Scanalyzed . | . . . Part Schematics Acquired . | . . . Parts Damaged . | . . . Bothacking | -11 -10 -10 ------------ Run | Yrd Mat Min Used RIF Installer . | . . . Robots Hacked . | . . . Non-combat . | . . . Combat . | . . . Robot Hacks Applied . | . . . Relay Couplers Released . | . . . Fabnet Peak Effective % . | . . . Robots Rewired . | . . . Allies Hacked . | . . . Hacks Repelled . | . . . Allies | -11 -10 -10 -------- Run | Yrd Mat Min Total Allies . | . . . Largest Group . | . . . Highest-Rated Group . | . . . Highest-Rated Ally . | . . . Total Orders . | . . . Ally Attacks . | . . . Total Damage . | . . . Kills . | . . . Allies Corrupted . | . . . Allies Melted . | . . . Intel | -11 -10 -10 ------- Run | Yrd Mat Min Active Infowar (turns) 742 | 58 554 130 Structural 102 | . . 102 Seismic 640 | 58 554 28 Robot Analysis Total 1 | . 1 . Derelict Logs Recovered 1 | . . 1 Drone Launches . | . . . Drone Recoveries . | . . . Exploration | -11 -10 -10 ------------- Run | Yrd Mat Min Turns Passed 2027 | 217 1516 294 Spaces Moved 884 | 121 625 138 Core 3 | 3 . . Treads 881 | 118 625 138 Legs . | . . . Wheels . | . . . Hover . | . . . Flight . | . . . Fastest Speed 50 | 50 160 160 Average Speed 160 | 157 161 160 Slowest Speed 240 | 160 240 160 Overloaded Moves . | . . . Propulsion Burnouts . | . . . Robots Hopped . | . . . Potential Cave-ins . | . . . Cave-ins Triggered . | . . . Exploration Rate (%) 43 | 5 96 30 Regions Visited 2 Branch Regions 1 Pre-discovered Areas 4 | . 4 . Known Exits Taken . | . . . Unknown Exits Taken 2 | 1 1 . Scrap Searched . | . . . Spaces Dug . | . . . Terrain Destroyed 3 | . 3 . Melee . | . . . Projectile . | . . . AOE 3 | . 3 . Terrain Rammed . | . . . Walls Destroyed . | . . . Machines Disabled . | . . . Actions | -11 -10 -10 --------- Run | Yrd Mat Min Total 1363 | 140 1038 185 Wait 344 | 1 320 23 Move 882 | 120 624 138 Hop . | . . . Pick Up 27 | 9 15 3 Fast Attach 18 | 5 12 1 Attach 8 | 2 5 1 Detach 1 | . 1 . Swap 3 | . 1 2 Drop 8 | . 6 2 Fire 70 | 3 52 15 Melee . | . . . Ram . | . . . Kick . | . . . Crush 2 | . 2 . Escape Stasis . | . . . Rewire . | . . . Trap . | . . . Miscellaneous . | . . . Route ------- -11/Scrapyard -10/Materials (discovered 6 exits: *Mat x3 / [*Min x2] / Sub) -10/Mines (discovered 3 exits: *Mat x2 / *Sub) History --------- Turn | Location | Event 14 | -11/Scrapyard | Discovered new exit (range 15) 218 | -11/Scrapyard | Entered Materials 326 | -10/Materials | Build established: Mutant 460 | -10/Materials | Discovered new exit (range 16) 545 | -10/Materials | Discovered new exit (range 11) 705 | -10/Materials | Discovered new exit (range 13) 718 | -10/Materials | Derelicts attacked the area 788 | -10/Materials | Lost 3 parts (1p2w) 930 | -10/Materials | Discovered new exit (range 14) 1030 | -10/Materials | Discovered new exit (range 14) 1349 | -10/Materials | Learned location of Recycling (-8) 1469 | -10/Materials | Learned Storage emergency access door positions 1511 | -10/Materials | Learned location of Mines (-10) 1543 | -10/Materials | Learned location of 2 exits from Mines 1565 | -10/Materials | Identified exit to Subcaves 1645 | -10/Materials | Learned location of 1 exit from Recycling 1734 | -10/Materials | Entered Mines 1735 | -10/Mines | Identified exit to Materials 1964 | -10/Mines | Discovered exit to Materials (range 10) 1993 | -10/Mines | Assembled infested the area 2019 | -10/Mines | Core integrity fell below 50% 2025 | -10/Mines | Core integrity fell below 20% 2028 | -10/Mines | Destroyed by D-53 Grenadier with Mini Grenade Launcher Last Messages --------------- (Burn). 01859_ G-34 Mercenary destroyed. 01874_ Critical hit (Burn: +37). 01874_ G-47 Trooper destroyed. 01883_ Acquired 6 matter. 01886_ Dropped Lgt. Armor Plating. 01887_ Acquired Structural Scanner. 01888_ Acquired 10 matter. 01956_ Acquired derelict log, extracted data. Data stored: Storage entrances (x1). 01964_ EXIT=FOUND: MATERIALS 01993_ ALERT: Infestation in the mines, dispatching Demolisher response squad. 01995_ K-01 Serf collects debris. 02017_ C-45 Heavy ARC bursts open, deploying its payload. 02017_ D-53 Grenadier unfolds itself. 02024_ U-05 Engineer lays Concrete. 02027_ U-05 Engineer builds a Wall. 02028_ The unstable cave ceiling collapses. Map ----- +----------------------------------------------------+ | ?????????????????????????????????????????????????? | | ?????????????????????????????????????????????????? | | ?????????????????????????????????????????????????? | | ?????????????????????????????????????????????????? | | ?????????????????????????????????????????????????? | | ?????????????????????????????????????????????????? | | ?????????????????????????????????????????????????? | | ?????????????????????????????????????????????????? | | ?????????????????????????????????????????????????? | | ?????????????????????????????????????????????????? | | ?????????????????????????????????????????????????? | | ??????????????????????????????? ?????????????????? | | ??????????????????????????????? ?????????????????? | | ??????????????????????????????? ?????????????????? | | ??????????????????????????????? ##???? ????????? | | ??????????????????????????????? ##??# ???????? | | ??????????????????????????????? ### ???????? | | ????????????????????????????### ???????? | | ??????????????## ?????##????### ####? ##? | | ??????????????# ???## #??### ?#####? # ? | | ?????????????## ### ##### #??## ? ? | | ?????????????# # r #???## ##? ##? | | ?????????????? #???## ##? ##? | | ????????????????? # ####### ### ### | | ????????????????????# # ## ######## ### ### | | ????????????????????# @ du #### ## ## | | ????????????# ?????## # ### # # | | ??????????????# ## # ## | | ???????????????# ## ## | | ???????????????## ## ### ### "" | | ????????????????####??# ##### ### #### "" | | ??????????????????????# ??### #### "" | | ??????????????????????# ???## t ### ### | | ??????????????????????# ???### ## #### ## ? # | | ?????????????????????? ???### ######### ## ## | | ??????????????????????#????### ######### ##### | | ???????????????????????????## ## ##### ##### | | ???????????????????????????## ##### #### | | ???????????????????????????### | | ???????????????????????????#### | | ????????????????????????????### ######## ? | | ????????????????????????????## ######## ## | | ????????????????????????????### ######### ##### | | ????????????????????????????### ######### ##### | | ?????????????????????????????## % % ##### | | ???????????????????????????#### ######### ##### | | ???????????????????????????#### ######### #| ! | | ???????????????????????????## ##### ![+%! | | ????????